 Dungeon Crawl Stone Soup version 0.28-a0-32-g8dfe7f97f6 (webtiles) character file.

Game seed: 13234275389368875767

63 willcat the Sneak (level 4, -25/28 HPs)
             Began as a Kobold Delver on July 27, 2021.
             Annihilated by a cyclops (30 damage)
             ... on level 8 of the Dungeon.
             The game lasted 00:00:39 (83 turns).

willcat the Sneak (Kobold Delver)                     Turns: 83, Time: 00:00:40

Health: -25/28     AC:  3    Str:  9    XL:     4   Next: 30%
Magic:  4/4        EV: 14    Int: 11    God:
Gold:   9          SH:  0    Dex: 17    Spells: 3/3 levels left

rFire   . . .      SeeInvis .   a - +0 short sword
rCold   . . .      Faith    .   (shield restricted)
rNeg    . . .      Spirit   .   b - +0 leather armour
rPois   .          Reflect  .   (no helmet)
rElec   .          Harm     .   (no cloak)
rCorr   .          Rampage  .   (no gloves)
Will    .....                   (no boots)
Stlth   +++++.....              (no amulet)
HPRegen 0.09/turn               (no ring)
MPRegen 0.09/turn               (no ring)

@: attractive, hasted, very quick
A: small, no large weapons, nightstalker 3
a: no special abilities


You were on level 8 of the Dungeon.
You visited 1 branch of the dungeon, and saw 4 of its levels.

You collected 9 gold pieces.

Inventory:

Hand Weapons
 a - a +0 short sword (weapon)
Armour
 b - a +0 leather armour (worn)
Wands
 g - a wand of digging (3)
Scrolls
 c - a scroll of fog
 d - a scroll of magic mapping
 e - a scroll of fear


   Skills:
 - Level 3.2 Fighting
 + Level 4.4 Short Blades
 - Level 2.4 Dodging
 + Level 7.7 Stealth


You had 3 spell levels left.
You didn't know any spells.
Your spell library was empty.

Dungeon Overview and Level Annotations

Branches:
Dungeon (8/15)
 Temple: D:4-7         Lair: D:8-11

Altars:


Innate Abilities, Weirdness & Mutations

You are small and have problems with some larger weapons.
You are completely attuned to the shadows.


Message History

You barely miss the cyclops.
The cyclops is almost dead.
Unknown command.
You barely miss the cyclops.
The cyclops is almost dead.
The cyclops barely misses you.
Unknown command.
You hit the cyclops but do no damage.
The cyclops is almost dead.
Unknown command.
You hit the cyclops.
The cyclops is almost dead.
The cyclops hits you but does no damage.
Unknown command.
You hit the cyclops but do no damage.
The cyclops is almost dead.
Unknown command.
You hit the cyclops but do no damage.
The cyclops is almost dead.
Unknown command.
You hit the cyclops but do no damage.
The cyclops is almost dead.
The cyclops barely misses you.
Unknown command.
You hit the cyclops but do no damage.
The cyclops is almost dead.
Unknown command.
It was a potion of attraction.
You feel attractive to monsters. The cyclops hits you.
* * * LOW HITPOINT WARNING * * *
Unknown command.
You hit the cyclops but do no damage.
The cyclops is almost dead.
Unknown command.
You hit the cyclops but do no damage.
The cyclops is almost dead.
The cyclops hits you!!
Ouch! That really hurt!
You die...

########
#C.....#
#.@....#
#...(..#
#...<..#
#..?.†.#
#.....!.#
........#
.......#


You could see a cyclops.

Vanquished Creatures
  A bullfrog (D:8)
1 creature vanquished.

Notes
Turn   | Place    | Note
-------+----------+-------------------------------------------
     0 | D:5      | willcat the Kobold Delver began the quest for the Orb.
     0 | D:5      | Reached XP level 1. HP: 14/14 MP: 1/1
    54 | D:8      | Noticed a cyclops
    54 | D:8      | Noticed a bullfrog
    55 | D:8      | Killed a bullfrog
    56 | D:8      | Reached skill level 7 in Stealth
    56 | D:8      | Reached XP level 2. HP: 19/19 MP: 2/2
    56 | D:8      | Reached XP level 3. HP: 23/23 MP: 3/3
    56 | D:8      | Reached XP level 4. HP: 28/28 MP: 4/4
    83 | D:8      | Annihilated by a cyclops

Illustrated notes

Levels and vault maps discovered:
D:5:      layout_gridville, amcnicky_altar_gilded, lemuel_crystal_altar,
          kennysheep_mini_moat, minmay_temple_entry_butterflies
D:6:      layout_loops_corners, serial_bayou_pond_b
D:7:      layout_cave_pods, general_overflow_altar, kennysheep_generic_room_12
D:8:      layout_rooms

Skill      XL: |  1 |
---------------+----+-----
Short Blades   | 4 |  4.4
Stealth        | 7 |  7.7
Fighting       | |  3.2
Dodging        | |  2.4

Action                   |  1- 3 |  4- 6 || total
-------------------------+-------+-------++-------
Melee: Short sword       |     1 |    24 ||    25
  Use: Potion            |       |     2 ||     2
 Stab: Sleeping          |     1 |     1 ||     2
Armor: Leather armour    |       |     1 ||     1
Dodge: Dodged            |       |     6 ||     6

Table legend: (Time is in decaauts)
 A = Elapsed time spent in this place.
 B = Non-inter-level travel time spent in this place.
 C = Inter-level travel time spent in this place.
 D = Time resting spent in this place.
 E = Time spent auto-exploring this place.
 F = Levels seen in this place.
 G = Mean time per level.
                   A        B        C        D        E       F      G
               +--------+--------+--------+--------+--------+-----+--------+
         Total |     72 |     72 |      0 |      0 |      0 |   4 |   18.0 |
       Dungeon |     72 |     72 |      0 |      0 |      0 |   4 |   18.0 |
               +--------+--------+--------+--------+--------+-----+--------+

Top non-repeatable levels by time:
     D:6: 27 daAuts
     D:8: 19 daAuts
     D:7: 15 daAuts
     D:5: 10 daAuts
